 Dungeon Crawl Stone Soup version 0.19-a0-1251-gd6e46da (webtiles) character file.

233 PurpleRed the Conjurer (level 5, -2/28 HPs)
             Began as a Deep Elf Conjurer on Aug 27, 2016.
             Slain by a centaur (9 damage)
             ... on level 4 of the Dungeon.
             The game lasted 00:07:40 (905 turns).

PurpleRed the Conjurer (Deep Elf Conjurer)           Turns: 905, Time: 00:07:40

Health: -2/28      AC:  8    Str:  2 (5)  XL:     5   Next: 74%
Magic:  14/14      EV: 13    Int: 24 (26) God:
Gold:   163        SH:  0    Dex: 14 (15) Spells: 4 memorised, 2 levels left

rFire  . . .     SeeInvis .     g - +0 mace (protect)
rCold  . . .     Gourm    .     a - +0 robe
rNeg   . . .     Faith    .     (no shield)
rPois  .         Spirit   .     (no helmet)
rElec  .         Dismiss  .     (no cloak)
rCorr  .         Reflect  .     d - +0 pair of gloves
MR     .....     Harm     .     (no boots)
Stlth  ++........               (no amulet)
                                (no ring)
                                (no ring)

@: brilliant, flying
A: no striking features
a: no special abilities


You were on level 4 of the Dungeon.
You were not hungry.

You visited 1 branch of the dungeon, and saw 4 of its levels.

You collected 163 gold pieces.

Inventory:

Hand Weapons
 g - a +0 mace of protection (weapon)
 o - a +1 whip of draining
Armour
 a - a +0 robe (worn)
 d - a +0 pair of gloves (worn)
Wands
 k - a wand of random effects (31/48)
Scrolls
 e - 2 scrolls of teleportation
Potions
 f - a potion of brilliance
 m - a potion of resistance {unknown}
Books
 b - a book of Conjurations

   Spells                             Type                      Level
   a - Magic Dart                     Conjuration                  1
   b - Searing Ray                    Conjuration                  2
   c - Dazzling Spray                 Conjuration/Hexes            3
   d - Fulminant Prism                Conjuration/Hexes            4
   e - Iskenderun's Mystic Blast      Conjuration                  4
   f - Iskenderun's Battlesphere      Conjuration/Charms           5
Comestibles
 c - 3 bread rations
 h - a slice of pizza
 i - 4 fruits
 n - a meat ration


   Skills:
 - Level 2.4 Dodging
 - Level 2.4 Stealth
 + Level 5.3 Spellcasting
 * Level 6.8 Conjurations
 + Level 0.0 Charms


You had 2 spell levels left.
You knew the following spells:

 Your Spells              Type           Power        Failure   Level  Hunger
a - Magic Dart            Conj           ####         1%          1    None
b - Searing Ray           Conj           ######       1%          2    None
c - Iskenderun's Mystic   Conj           ######..     1%          4    ####...
d - Iskenderun's Battles  Conj/Chrm      #####...     11%         5    #####..


Dungeon Overview and Level Annotations

Branches:
Dungeon (4/15)
 Temple: D:4-7

Altars:
Makhleb
Nemelex Xobeh
Xom


Message History

The centaur shoots an arrow.
The arrow hits you.
You see here an arrow.
You hear the hiss of a distant avalanche of sand.
Casting: Magic Dart
Confirm with . or Enter, or press ? or * to list all spells.
Okay, then.
Okay, then.
It was a potion of brilliance.
You feel clever all of a sudden.
It was a potion of flight.
You feel very buoyant.
You fly up into the air.
The centaur unwields an uncursed shortbow.
The centaur hits you!
* * * LOW HITPOINT WARNING * * *
It was a potion of degeneration.
There was something very wrong with that liquid.
You feel weakened.
You feel dopey.
You feel clumsy. The centaur hits you!
You die...

#......#≈♣♣≈♣#♣≈#..
#.###.##≈ #♣≈♣≈♣##. #.#
#<##♣#♣≈≈≈♣#♣#. #.#####
#♣≈♣≈♣# P#
#.#.....#≈♣#♣≈♣♣≈# ##
#.#.##..'≈♣♣#♣≈†# ...
#.#.###.#♣≈≈♣##'### ....
#.#.# #.######....# .....
#.@.####.#....#.###
....c.####c........###.#
.........(.......>.....###
......####.#..............
###.# #.##..).......... #
#......##########
.....####.# .....# #.#
..[..# #.#


You could see a centaur.

Vanquished Creatures
  An ogre (D:4)
  Natasha (twice) (D:2)
  2 adders
  2 oozes (D:3)
  2 dart slugs
  2 worms (D:3)
  A giant gecko (D:3)
  12 orcs (D:3)
  2 bats (D:2)
  2 giant cockroaches
  4 goblins
  3 hobgoblins
  4 jackals (D:2)
  4 ball pythons
  A giant newt (D:1)
  4 kobolds
  7 rats
55 creatures vanquished.

Notes
Turn   | Place    | Note
-------+----------+-------------------------------------------
     0 | D:1      | PurpleRed the Deep Elf Conjurer began the quest for the Orb.
     0 | D:1      | Reached XP level 1. HP: 10/10 MP: 6/6
   105 | D:2      | Found a burning altar of Makhleb.
   105 | D:2      | Found a shimmering altar of Xom.
   117 | D:2      | Reached XP level 2. HP: 14/15 MP: 5/8
   121 | D:2      | Learned a level 2 spell: Searing Ray
   178 | D:2      | Reached skill level 5 in Conjurations
   206 | D:1      | Reached XP level 3. HP: 19/19 MP: 6/10
   254 | D:2      | Noticed Natasha
   258 | D:2      | Killed Natasha
   432 | D:2      | Noticed Natasha
   438 | D:2      | Killed Natasha
   438 | D:2      | Reached XP level 4. HP: 22/24 MP: 2/12
   552 | D:3      | Found a sparkling altar of Nemelex Xobeh.
   609 | D:3      | Reached skill level 6 in Conjurations
   731 | D:3      | Reached XP level 5. HP: 26/28 MP: 3/14
   807 | D:4      | Noticed an ogre
   813 | D:4      | Killed an ogre
   813 | D:4      | Reached skill level 5 in Spellcasting
   822 | D:4      | Learned a level 4 spell: Iskenderun's Mystic Blast
   828 | D:4      | Learned a level 5 spell: Iskenderun's Battlesphere
   895 | D:4      | Noticed a centaur
   905 | D:4      | Slain by a centaur

Vault maps used:
D:1:      enne_arrival_octagon_isle, minmay_split_cup_small
D:2:      gammafunk_temple_overflow_wave, bloody_trog, first_bread,
          minmay_tiny_reverse_x, uniq_natasha
D:3:      nemelex_dance_club_becter
D:4:      grunt_temple_overflow_cloverleaf, nicolae_ossuary_entry_ruins,
          saegor_snake_ambush

Skill      XL: |  1  2  3  4  5 |
---------------+----------------+-----
Conjurations   | 5 6 |  6.8
Spellcasting   | 4 5 |  5.3
Dodging        | |  2.4
Stealth        | |  2.4

Action                   |  1- 3 |  4- 6 || total
-------------------------+-------+-------++-------
Melee: Mace              |    36 |    29 ||    65
 Cast: Magic Dart        |    31 |    19 ||    50
       Searing Ray       |     3 |     6 ||     9
  Use: Scroll            |       |     3 ||     3
       Potion            |       |     3 ||     3
 Stab: Sleeping          |       |     1 ||     1
Armor: Robe              |    23 |    20 ||    43
Dodge: Dodged            |    42 |    42 ||    84
